 Dungeon Crawl Stone Soup version 0.25-a0-1056-g2efb326896 (webtiles) character file.

Game seed: 12516267999867306105, levelgen mode: deterministic

597 MisterFreud the Ducker (level 7, 0/48 HPs)
             Began as an Octopode Gladiator on May 13, 2020.
             Slain by a sky beast (5 damage)
             ... on level 5 of the Dungeon.
             The game lasted 00:05:02 (4614 turns).

MisterFreud the Ducker (Octopode Gladiator)         Turns: 4614, Time: 00:05:03

Health: 0/48       AC:  1    Str: 13    XL:     7   Next: 40%
Magic:  0/7        EV: 17    Int: 13    God:
Gold:   300        SH:  0    Dex: 13    Spells: 6/6 levels left

rFire    + + .     SeeInvis .   C - +3 quarterstaff (chaos)
rCold    x . .     Gourm    .   (shield currently unavailable)
rNeg     . . .     Faith    .   b - +0 hat
rPois    .         Spirit   +   l - amulet of guardian spirit
rElec    .         Reflect  .   v - ring of fire
rCorr    .         Harm     .   A - ring of protection from fire
MR       .....                  (no ring)
Stlth    ++........             (no ring)
HPRegen  0.16/turn              (no ring)
MPRegen  0.10/turn              (no ring)
                                (no ring)
                                (no ring)

@: no status effects
A: almost no armour, stealthy swim, amphibious, 8 rings, constrict 8, camouflage
1, gelatinous body 1
a: no special abilities


You were on level 5 of the Dungeon.
You were not hungry.

You visited 1 branch of the dungeon, and saw 5 of its levels.

You collected 300 gold pieces.

Inventory:

Hand Weapons
 a - a +0 quarterstaff
 y - a +1 great mace of holy wrath
 C - a +3 quarterstaff of chaos (weapon)
Missiles
 c - 4 throwing nets (quivered)
 j - 10 poisoned darts
 k - 42 sling bullets
 m - 120 stones
 u - 42 bolts
 E - 5 boomerangs
Armour
 b - a +0 hat (worn)
Jewellery
 l - an amulet of guardian spirit (around mantle)
 v - a ring of fire (left tentacle)
 A - a ring of protection from fire (right tentacle)
Wands
 w - a wand of random effects (16)
Scrolls
 e - 2 scrolls of amnesia {unknown}
 i - 3 scrolls of teleportation {unknown}
 n - a scroll of magic mapping {unknown}
 p - 2 scrolls of immolation {unknown}
 r - 4 scrolls of remove curse {unknown}
 x - a scroll of enchant weapon {unknown}
 z - a scroll of random uselessness {unknown}
 D - a scroll of blinking {unknown}
Potions
 f - 2 potions of haste {unknown}
 g - 2 potions of magic {unknown}
 h - 2 potions of stabbing {unknown}
 o - 2 potions of mutation {unknown}
 q - 3 potions of heal wounds {unknown}
 s - 6 potions of curing {unknown}
 B - a potion of flight {unknown}
Comestibles
 d - 9 rations
 t - 2 chunks of flesh


   Skills:
 - Level 4.0 Fighting
 - Level 4.3 Staves
 - Level 2.0 Throwing
 + Level 6.8 Dodging


You had 6 spell levels left.
You didn't know any spells.
Your spell library was empty.

Dungeon Overview and Level Annotations

Branches:
Dungeon (5/15)
 Temple: D:4-7

Altars:
Fedhas
Wu Jian
Xom
Zin


Innate Abilities, Weirdness & Mutations

You cannot wear most types of armour.
You are very stealthy in the water. (Stealth+)
You are amphibious.
You can wear up to eight rings at the same time.
You can use your tentacles to constrict eight enemies at once.
Your skin changes colour to match your surroundings (Stealth+).
Your rubbery body absorbs attacks. (AC +1, EV +1)


Message History

* * * LOW HITPOINT WARNING * * *
Something shocks you.
* * * LOW HITPOINT WARNING * * *
A sky beast appears from thin air!
Reactivating autopickup.
The sky beast closely misses you.
Unknown command.
Unknown command.
The sky beast misses you.
There is a stone staircase leading up here.
The sky beast misses you.
The sky beast hits you but does no damage.
The sky beast flickers out of sight!
Deactivating autopickup; reactivate with Ctrl-A.
Something barely misses you.
There is a stone staircase leading up here.
Something hits you.
* * * LOW HITPOINT WARNING * * *
Something shocks you.
You die...

#.<..................#
#..........#....<....###
#)......................#
#...^....####...........#
#........# ##.............
#........# #..#.<.....$#..
#.........##..#...........
#........................
########...##.#@........
..## #...........
#..#....#... .............
#.......#.....
#.............
........#####. ...... #.#


There were no monsters in sight!

Vanquished Creatures
  5 orc priests (D:4)
  Crazy Yiuf (D:3)
  A hound (D:4)
  2 orc wizards
  Ijyb (D:3)
  Jessica (D:2)
  A worker ant (D:4)
  Robin (D:2)
  5 adders
  8 gnolls
  An ooze (D:1)
  A worm (D:2)
  A dart slug (D:1)
  A leopard gecko (D:3)
  15 orcs
  A giant cockroach (D:2)
  19 goblins
  11 hobgoblins
  9 jackals
  11 kobolds
  2 ball pythons (D:1)
  3 bats (D:2)
  5 frilled lizards
  A leopard gecko zombie (D:1)
  A quokka zombie (D:1)
  9 rats
117 creatures vanquished.

Vanquished Creatures (others)
  5 toadstools (D:1)
5 creatures vanquished.

Grand Total: 122 creatures vanquished

Notes
Turn   | Place    | Note
-------+----------+-------------------------------------------
     0 | D:1      | MisterFreud the Octopode Gladiator began the quest for the
                  | Orb.
     0 | D:1      | Reached XP level 1. HP: 14/14 MP: 1/1
   171 | D:1      | Reached XP level 2. HP: 18/20 MP: 2/2
   443 | D:1      | Reached XP level 3. HP: 24/26 MP: 3/3
   988 | D:2      | Noticed Robin
  1415 | D:2      | Reached XP level 4. HP: 23/31 MP: 2/4
  1576 | D:2      | Noticed Jessica
  1580 | D:2      | Killed Jessica
  1597 | D:2      | Found a glowing silver altar of Zin.
  1598 | D:2      | Found a shimmering altar of Xom.
  1600 | D:2      | Found an ornate altar of the Wu Jian Council.
  1660 | D:2      | Killed Robin
  1685 | D:2      | Reached XP level 5. HP: 19/37 MP: 3/5
  2603 | D:3      | Noticed Ijyb
  2617 | D:3      | Killed Ijyb
  2883 | D:3      | Reached skill level 4 in Dodging
  3048 | D:3      | Found a blossoming altar of Fedhas.
  3180 | D:3      | Found a runed translucent door.
  3181 | D:3      | Noticed Crazy Yiuf
  3186 | D:3      | Killed Crazy Yiuf
  3186 | D:3      | Reached XP level 6. HP: 33/43 MP: 4/6
  3320 | D:4      | Reached skill level 5 in Dodging
  3535 | D:4      | Reached skill level 6 in Dodging
  3535 | D:4      | Reached XP level 7. HP: 8/48 MP: 1/7
  3849 | D:4      | HP: 2/48 [gnoll/+0 club (6)]
  3857 | D:5      | Entered Level 5 of the Dungeon
  4614 | D:5      | Slain by a sky beast

Illustrated notes

Levels and vault maps discovered:
D:1:      saegor_arrival_fortress, layout_loops_ring, minmay_gold_behind_fungi,
          minmay_misc_feat_doors
D:2:      layout_basic, gammafunk_temple_overflow_forgotten, first_ration,
          minmay_tree_intersection, serial_bayou_pond_a, uniq_jessica,
          uniq_robin
D:3:      layout_rooms, overflow_temple_1_default, uniq_crazy_yiuf_cottage,
          uniq_ijyb
D:4:      layout_rooms
D:5:      layout_rooms, slow_altar_1, serial_shops, shop, water_maze_lemuel

Skill      XL: |  1  2  3  4  5  6 |
---------------+-------------------+-----
Fighting       | 3 4 |  4.0
Staves         | 4 |  4.3
Dodging        | 4 6 |  6.8
Throwing       | |  2.0

Action                   |  1- 3 |  4- 6 |  7- 9 || total
-------------------------+-------+-------+-------++-------
Melee: Quarterstaff      |    54 |   128 |    37 ||   219
       Constrict         |    13 |    35 |     7 ||    55
       Tentacles         |     4 |    17 |     4 ||    25
       Great mace        |       |     9 |       ||     9
Evoke: Wand              |       |     2 |       ||     2
 Stab: Sleeping          |     6 |     3 |     1 ||    10
       Distracted        |       |     1 |       ||     1
       Paralysed         |       |     1 |       ||     1
  Eat: Chunk             |     1 |     7 |     4 ||    12
Armor: Skin              |     4 |    11 |     2 ||    17
Dodge: Dodged            |    31 |    73 |    36 ||   140

Table legend:
 A = Non-vault XP
 B = Vault XP
 C = Vault XP percentage of total XP
 D = Non-vault monster count
 E = Vault monster count
 F = Vault count percentage of total count
                 A         B        C        D         E       F
            +---------+---------+-------+---------+---------+-------
      Total |     699 |     155 |  18.1 |     100 |      17 |  14.5
            +---------+---------+-------+---------+---------+-------
        D:1 |      46 |       2 |   4.2 |      23 |       2 |   8.0
        D:2 |      85 |      74 |  46.5 |      28 |      13 |  31.7
        D:3 |      72 |      79 |  52.3 |      17 |       2 |  10.5
        D:4 |     483 |       0 |   0.0 |      31 |       0 |   0.0
        D:5 |      13 |       0 |   0.0 |       1 |       0 |   0.0
            +---------+---------+-------+---------+---------+-------
